 Dungeon Crawl Stone Soup version 0.24.0-123-gd5b16e6ec5 (webtiles) character file.

Game seed: 15411686027824419591, levelgen mode: deterministic

18704 sagitran the Carver (level 12, -2/168 HPs)
             Began as a Demigod Fighter on Dec 22, 2019.
             Slain by a komodo dragon (5 damage)
             ... on level 4 of the Lair of Beasts.
             The game lasted 00:41:27 (9361 turns).

sagitran the Carver (Demigod Fighter)               Turns: 9361, Time: 00:41:28

Health: -2/168     AC: 26    Str: 21    XL:     12   Next: 3%
Magic:  16/16      EV:  2    Int: 12    God:
Gold:   769        SH: 12    Dex: 21    Spells: 7/11 levels left

rFire    . . .     SeeInvis .   z - +5 scimitar
rCold    . . .     Gourm    .   c - +0 shield
rNeg     + + +     Faith    .   (armour currently unavailable)
rPois    +         Spirit   .   (helmet currently unavailable)
rElec    .         Reflect  .   (cloak currently unavailable)
rCorr    .         Harm     .   (gloves currently unavailable)
MR       +....     NoTele   +   (boots currently unavailable)
Stlth    ++........             p - amulet of regeneration
HPRegen  0.78/turn              j - ring of poison resistance
MPRegen  0.15/turn              n - +4 ring of slaying

@: lethally poisoned (-2 -> -3), tree-form, marked, hasted, very quick
A: blurry vision 1, high mp 1, robust 1
a: no special abilities


You were on level 4 of the Lair of Beasts.
You were not hungry.
You were a tree.
You visited 2 branches of the dungeon, and saw 13 of its levels.

You collected 769 gold pieces.

Inventory:

Hand Weapons
 u - the +4 mace of Destiny {speed, rF+++ Int-2 Dex-4 SInv}
   (You took it off a crimson imp on level 5 of the Dungeon)

   Attacks with this weapon are significantly faster.
   It affects your intelligence (-2).
   It affects your dexterity (-4).
   It renders you almost immune to fire.
   It lets you see invisible.
 z - a +5 scimitar (weapon)
Armour
 b - a +6 scale mail (melded)
 c - a +0 shield (worn)
 d - a +1 plate armour of fire resistance
 y - a +0 hat of intelligence (melded)
 F - a +1 pair of gloves (melded)
Jewellery
 j - a ring of poison resistance (left branch)
 n - a +4 ring of slaying (right branch)
 p - an amulet of regeneration (around neck)
Wands
 i - a wand of acid (5)
 x - a wand of digging (7)
 B - a wand of disintegration (14)
 G - a wand of flame (5)
 I - a wand of random effects (15)
Scrolls
 a - 4 scrolls of identify
 e - a scroll of vulnerability {unknown}
 h - 9 scrolls of remove curse
 o - 4 scrolls of teleportation
 q - 4 scrolls of immolation
 t - 2 scrolls of noise
 w - a scroll of acquirement
 A - 3 scrolls of fear
 D - 3 scrolls of magic mapping
 H - a scroll of enchant armour
 J - a scroll of enchant weapon
 K - a scroll of amnesia {unknown}
 M - a scroll of fog {unknown}
Potions
 g - a potion of cancellation
 k - 2 potions of curing
 l - a potion of haste
 m - a potion of resistance
 r - 4 potions of flight
 s - a potion of agility {unknown}
 C - 2 potions of lignification
 E - a potion of experience {unknown}
 N - a potion of might
Comestibles
 f - 18 rations


   Skills:
 + Level 8.2 Fighting
 + Level 12.0 Long Blades
 + Level 7.7 Armour
 + Level 5.3 Dodging
 + Level 1.9 Stealth
 + Level 8.4 Shields
 + Level 1.1 Evocations


You had 7 spell levels left.
You knew the following spells:

 Your Spells              Type           Power        Failure   Level  Hunger
a - Confuse               Hex            #.......     92%         3    ####...
b - Confusing Touch       Hex            #.....       58%         1    ##.....

Your spell library contained the following spells:

 Spells                   Type           Power        Failure   Level  Hunger
 Corona                   Hex            #......      58%         1    ##.....
 Magic Dart               Conj           #...         58%         1    ##.....
 Blink                    Tloc           N/A          75%         2    ###....
 Call Imp                 Summ           #.......     75%         2    ###....
 Ensorcelled Hibernation  Hex/Ice        #.....       75%         2    ###....
 Slow                     Hex            #.......     75%         2    ###....
 Conjure Flame            Conj/Fire      #.......     92%         3    ####...
 Dazzling Spray           Conj/Hex       #.....       92%         3    ####...
 Gell's Gravitas          Tloc           #.........   92%         3    ####...
 Mephitic Cloud           Conj/Pois/Air  #.......     92%         3    ####...
 Tukima's Dance           Hex            #.......     92%         3    ####...
 Petrify                  Tmut/Erth      #.......     100%        4    #####..
 Metabolic Englaciation   Hex/Ice        #.........   100%        5    ######.
 Yara's Violent Unravell  Hex/Tmut       #.........   100%        5    ######.


Dungeon Overview and Level Annotations

Branches:
Dungeon (9/15)             Temple (0/1) D:5            Lair (4/6) D:9
  Snake (0/4) Lair:3
  Swamp: Lair:2-4    Shoals: Lair:2-4       Orc: D:9-12

Shops:
D:8 *   D:9 %

Annotations:
D:7 2 transporters, ThereIsNoGod's ghost, novice OpFi
D:8 Psyche


Innate Abilities, Weirdness & Mutations

You have an increased reservoir of magic. (+10% MP)
((You have a pair of horns on your head.))
Scrolls take you a little longer to read.
You are robust. (+10% HP)


Message History

The spiny frog stings you but does no damage.
The hornet stings you but does no damage.
You block the komodo dragon's attack.
The spiny frog stings you but does no damage.
The hornet stings you but does no damage.
The spiny frog stings you but does no damage.
Okay, then.
Evoke which item? (* to show all) (? for menu, Esc to quit)
Aiming: Disintegrate
Press: ? - help, Shift-Dir - straight line, f/p - hornet
Aim: a hornet (heavily wounded, chance to defeat MR: 62%)
The hornet resists with significant effort.
You feel yourself speed up.
You feel sick. The hornet stings you.
* * * LOW HITPOINT WARNING * * *
The hornet stings you but does no damage.
The spiny frog stings you.
* * * LOW HITPOINT WARNING * * *
The komodo dragon bites you.
You die...

......Pk ....PP#
#######++##..PP#
##.<.P#........P#
#8....#P....P...#
#P...≈#≈P♣......#
+..†P≈#≈≈...lyF.♣
+...≈≈#≈≈..⌠.♣y.♣
+...P≈#≈≈.P..F..#
#....P♣≈P......P#
#♣....#PP...P.P≈#
#♣..♣♣..♣....≈≈#
##''##♣#♣♣♣..≈##
#.†..#PP.....≈≈#
#....'...†..≈≈≈#
#P...'†...≈≈≈≈≈#


You could see a lindwurm, a komodo dragon, 2 spiny frogs and 2 hornets.

Vanquished Creatures
  4 elephants (Lair:3)
  A gargoyle (D:9)
  4 spiny frogs
  6 komodo dragons
  A rime drake (Lair:4)
  Grinder (D:3)
  3 hornets (Lair:4)
  4 blink frogs
  2 hippogriffs
  Prince Ribbit (D:7)
  3 hogs (D:7)
  27 yaks
  2 basilisks
  A human (D:7)
  A hungry ghost (D:8)
  Edmund (D:4)
  4 water moccasins
  Duvessa (D:4)
  4 nagas (Lair:3)
  A sky beast (D:9)
  5 porcupines
  2 black bears
  2 ice beasts
  4 orc warriors
  8 ogres
  A necrophage (D:7)
  A centaur (D:6)
  11 wolves
  7 crocodiles
  Blork the orc (D:4)
  A big kobold (D:7)
  9 bullfrogs
  A gnoll sergeant (D:9)
  Dowan (D:4)
  3 howler monkeys
  7 wights
  An electric eel (Lair:2)
  6 crimson imps
  A centaur zombie (D:6)
  A centaur skeleton (D:7)
  4 orc priests
  8 orc wizards
  An iguana (D:9)
  Ijyb (D:3)
  4 worker ants
  A killer bee zombie (D:9)
  A mummy (D:4)
  Robin (D:3)
  6 gnolls
  A howler monkey skeleton (D:4)
  13 adders
  3 shadow imps
  An ooze (D:5)
  An adder skeleton (D:5)
  2 worms (D:3)
  2 dart slugs (D:1)
  4 leopard geckos
  53 orcs
  8 giant cockroaches
  17 goblins
  7 hobgoblins
  16 jackals
  12 kobolds
  6 quokkas
  2 ball pythons
  9 bats
  9 frilled lizards
  2 hobgoblin zombies (D:4)
  A kobold zombie (D:4)
  An orc zombie (D:4)
  A quokka zombie (D:6)
  2 rats
  A plant (D:9)
346 creatures vanquished.

Vanquished Creatures (others)
  4 fungi
  4 plants
8 creatures vanquished.

Grand Total: 354 creatures vanquished

Notes
Turn   | Place    | Note
-------+----------+-------------------------------------------
     0 | D:1      | sagitran the Demigod Fighter began the quest for the Orb.
     0 | D:1      | Reached XP level 1. HP: 18/18 MP: 3/3
   222 | D:1      | Reached XP level 2. HP: 22/25 MP: 4/4
   565 | D:1      | Reached skill level 2 in Long Blades
   894 | D:2      | Reached XP level 3. HP: 26/30 MP: 5/5
  1549 | D:2      | Found a blossoming altar of Fedhas.
  1573 | D:3      | Noticed Ijyb
  1613 | D:3      | Noticed Robin
  1615 | D:3      | Reached skill level 3 in Long Blades
  1622 | D:3      | Reached XP level 4. HP: 38/38 MP: 6/6
  1640 | D:3      | Gained mutation: You are robust. (+10% HP) [potion of
                  | mutation]
  1640 | D:3      | Gained mutation: You have a considerably increased
                  | reservoir of magic. (+20% MP) [potion of mutation]
  1640 | D:3      | Gained mutation: Your system is resistant to poisons.
                  | (rPois) [potion of mutation]
  1642 | D:3      | Killed Robin
  1985 | D:3      | Noticed Grinder
  2000 | D:3      | Killed Grinder
  2000 | D:3      | Reached skill level 1 in Dodging
  2000 | D:3      | Reached XP level 5. HP: 48/49 MP: 6/8
  2000 | D:3      | Reached XP level 6. HP: 55/56 MP: 6/9
  2001 | D:3      | Reached skill level 4 in Long Blades
  2100 | D:3      | Killed Ijyb
  2129 | D:3      | Learned a level 3 spell: Confuse
  2429 | D:4      | Lost mutation: You have a considerably increased reservoir
                  | of magic. (+20% MP) [potion of mutation]
  2429 | D:4      | Lost mutation: Your system is resistant to poisons. (rPois)
                  | [potion of mutation]
  2429 | D:4      | Gained mutation: Your natural rate of healing is unusually
                  | fast. [potion of mutation]
  2429 | D:4      | Gained mutation: You have a pair of small antennae on your
                  | head. [potion of mutation]
  2462 | D:4      | Noticed Blork the orc
  2471 | D:4      | Killed Blork the orc
  2481 | D:4      | Noticed Edmund
  2644 | D:5      | Entered Level 5 of the Dungeon
  2709 | D:5      | Found a staircase to the Ecumenical Temple.
  2759 | D:5      | Reached XP level 7. HP: 62/62 MP: 10/10
  2800 | D:5      | Found an opulent altar of Gozag.
  2855 | D:5      | Reached skill level 5 in Long Blades
  3019 | D:5      | Identified the +4 mace of Destiny {speed, rF+++ Int-2 Dex-4
                  | SInv}
  3328 | D:6      | Reached skill level 6 in Long Blades
  3453 | D:4      | Killed Edmund
  3453 | D:4      | Reached XP level 8. HP: 45/72 MP: 11/11
  3556 | D:4      | Noticed Duvessa
  3556 | D:4      | Noticed Dowan
  3566 | D:4      | Killed Duvessa
  3586 | D:4      | Killed Dowan
  3836 | D:6      | You fall into a shaft and drop 2 floors!
  3863 | D:8      | Reached skill level 5 in Shields
  3982 | D:7      | Found a transporter.
  4022 | D:6      | Reached skill level 7 in Long Blades
  4130 | D:6      | Learned a level 1 spell: Confusing Touch
  4244 | D:6      | Reached skill level 5 in Armour
  4353 | D:6      | Lost mutation: Your natural rate of healing is unusually
                  | fast. [potion of mutation]
  4353 | D:6      | Lost mutation: You have a pair of small antennae on your
                  | head. [potion of mutation]
  4353 | D:6      | Gained mutation: You have a pair of small horns on your
                  | head. [potion of mutation]
  4353 | D:6      | Gained mutation: Scrolls take you a little longer to read.
                  | [potion of mutation]
  4353 | D:6      | Gained mutation: You have a pair of horns on your head.
                  | [potion of mutation]
  4796 | D:6      | Reached skill level 5 in Fighting
  4890 | D:6      | Reached XP level 9. HP: 79/81 MP: 12/12
  4943 | D:7      | Reached skill level 1 in Stealth
  4958 | D:7      | You fall into a shaft and drop 2 floors!
  5103 | D:7      | Noticed Prince Ribbit
  5178 | D:7      | Found a transporter.
  5178 | D:7      | Noticed ThereIsNoGod's ghost (novice OpFi)
  5248 | D:7      | Killed Prince Ribbit
  5248 | D:7      | Reached skill level 8 in Long Blades
  5672 | D:8      | Identified a scroll of acquirement
  5689 | D:8      | Noticed a two-headed ogre
  5690 | D:8      | Noticed Psyche
  5710 | D:8      | Reached skill level 9 in Long Blades
  5735 | D:8      | Reached XP level 10. HP: 75/91 MP: 13/13
  5858 | D:8      | Found Uwelijim's Serpentskin Sales.
  6070 | D:9      | Found Eryplal's Food Emporium.
  6522 | D:9      | Found a staircase to the Lair.
  6545 | Lair:1   | Entered Level 1 of the Lair of Beasts
  6596 | Lair:1   | Reached skill level 10 in Long Blades
  7344 | Lair:3   | Noticed an elephant
  7344 | Lair:3   | Noticed an elephant
  7346 | Lair:3   | Noticed an elephant
  7533 | Lair:1   | Reached XP level 11. HP: 62/101 MP: 14/14
  8235 | Lair:3   | Reached skill level 1 in Evocations
  8293 | Lair:3   | Reached skill level 11 in Long Blades
  8385 | Lair:3   | Found a staircase to the Snake Pit.
  8528 | Lair:3   | Reached skill level 5 in Dodging
  9221 | Lair:4   | Reached skill level 12 in Long Blades
  9330 | Lair:4   | Reached XP level 12. HP: 98/111 MP: 16/16
  9361 | Lair:4   | HP: 7/168 [hornet (3)]
  9361 | Lair:4   | HP: 3/168 [spiny frog (4)]
  9361 | Lair:4   | Slain by a komodo dragon

Levels and vault maps discovered:
D:1:      eino_arrival_cavern_d, layout_loops_ring, supply_closet_lemuel,
          minivault_19
D:2:      layout_rooms, dk_noncrumbling_4, fedhas_altar_1
D:3:      layout_rooms, uniq_grinder, uniq_ijyb, uniq_crazy_yiuf_cottage,
          uniq_robin
D:4:      layout_rooms, minmay_crystal_room, minmay_mini_ossuary, uniq_duvessa,
          uniq_edmund, uniq_blork_the_orc
D:5:      layout_basic, overflow_temple_1_default, minmay_temple_entry_ruins,
          first_ration
D:6:      minmay_spotlight, layout_cave_pods
D:7:      layout_basic, gammafunk_ghost_mausoleum, grunt_livestock,
          uniq_prince_ribbit1
D:8:      layout_basic, special_room [special_room_orc], small_statue_alley_b,
          guppyfry_shop_venom, uniq_maurice, uniq_psyche
D:9:      layout_roguey, david_lair_shrubbed, special_room [special_room_orc],
          serial_shops, nicolae_shop_crystal, kennysheep_generic_room_3
Lair:1:   layout_loops_ring
Lair:2:   layout_loops_ring, serial_bayou_ford_a
Lair:3:   layout_layer_cave, guppyfry_snake_entry_island, grunt_megastairs_2
Lair:4:   cheibrodos_lair_overgrown_chateau, layout_loops_ring,
          minmay_shoals_entry_hut, beast_lair_carwin_8

Skill      XL: |  1  2  3  4  5  6  7  8  9 10 11 |
---------------+----------------------------------+-----
Armour         | 3 4 5 6 7 |  7.7
Long Blades    | 2 3 4 6 7 9 10 12 | 12.0
Shields        | 3 4 5 6 7 8 |  8.4
Fighting       | 3 4 5 6 7 8 |  8.2
Dodging        | 1 2 3 4 5 |  5.3
Stealth        | 1 |  1.9
Evocations     | 1 |  1.1

Action                   |  1- 3 |  4- 6 |  7- 9 | 10-12 || total
-------------------------+-------+-------+-------+-------++-------
Melee: Long sword        |   144 |   117 |   249 |       ||   510
       Headbutt          |       |       |    50 |   131 ||   181
       Scimitar          |       |       |   107 |   397 ||   504
Evoke: Wand              |       |     6 |     1 |     6 ||    13
  Use: Scroll            |     3 |     5 |    17 |     1 ||    26
       Potion            |     1 |     5 |     1 |     6 ||    13
  Eat: Ration            |     1 |     1 |     3 |     4 ||     9
       Chunk             |       |       |       |     1 ||     1
Armor: Scale mail        |    87 |    81 |   137 |   121 ||   426
       Skin              |       |    20 |       |    29 ||    49
Dodge: Dodged            |    62 |    46 |   147 |   166 ||   421
Block: Shield            |    84 |    90 |   229 |   253 ||   656
       Rpst.: Long sword |    28 |    18 |    22 |       ||    68
       Scimitar          |       |       |    19 |    53 ||    72
